 Dungeon Crawl Stone Soup version 0.27-a0-681-g0c81a3c1c3 (webtiles) character file.

Game seed: 17976137004853597611

21 Trevise the Conjurer (level 2, 0/19 HPs)
             Began as a Mummy Conjurer on Mar 19, 2021.
             Slain by a jackal (1 damage)
             ... on level 1 of the Dungeon.
             The game lasted 00:01:15 (816 turns).

Trevise the Conjurer (Mummy Conjurer)                Turns: 816, Time: 00:01:15

Health: 0/19       AC:  2    Str: 10    XL:     2   Next: 65%
Magic:  0/6        EV: 11    Int: 17    God:
Gold:   5          SH:  0    Dex: 10    Spells: 6/7 levels left

rFire    x . .     SeeInvis .   c - +0 club
rCold    + . .     Faith    .   (no shield)
rNeg     + + +     Spirit   .   a - +0 robe
rPois    ∞         Reflect  .   (no helmet)
rElec    .         Harm     .   (no cloak)
rCorr    .         Rampage  .   (no gloves)
Will     .....                  (no boots)
Stlth    ++........             (no amulet)
HPRegen  0.06/turn              (no ring)
MPRegen  0.10/turn              (no ring)

@: no status effects
A: cold resistance 1, negative energy resistance 3, torment resistance 2,
unbreathing 1, heat vulnerability 1, no potions
a: no special abilities


You were on level 1 of the Dungeon.
You visited 1 branch of the dungeon, and saw 1 of its levels.

You collected 5 gold pieces.

Inventory:

Hand Weapons
 c - a +0 club (weapon)
   (You took it off a hobgoblin on level 1 of the Dungeon)
Missiles
 e - 8 poisoned darts (quivered)
 s - 4 stones
Armour
 a - a +0 robe (worn)
Scrolls
 b - a scroll of immolation {unknown}
 d - 2 scrolls of teleportation {unknown}
 f - a scroll of identify {unknown}


   Skills:
 - Level 1.5 Dodging
 - Level 1.5 Stealth
 + Level 3.2 Spellcasting
 * Level 3.7 Conjurations


You had 6 spell levels left.
You knew the following spells:

 Your Spells              Type           Power      Damage    Failure   Level
a - Magic Dart            Conj           60%        1d6       3%          1

Your spell library contained the following spells:

 Spells                   Type           Power      Damage    Failure   Level
 Searing Ray              Conj           30%        3d4       5%          2
 Dazzling Flash           Conj/Hex       18%        N/A       24%         3
 Confusing Touch          Hex            2%         N/A       45%         3
 Gell's Gravitas          Tloc           1%         N/A       45%         3
 Fulminant Prism          Conj/Hex       4%         3d6       61%         4
 Iskenderun's Mystic Bla  Conj/Tloc      9%         2d4       61%         4
 Petrify                  Tmut/Erth      2%         N/A       86%         4
 Metabolic Englaciation   Hex/Ice        1%         N/A       99%         5
 Yara's Violent Unravell  Hex/Tmut       1%         3d3       99%         5


Dungeon Overview and Level Annotations

Branches:
Dungeon (1/15)

Altars:


Innate Abilities, Weirdness & Mutations

You are immune to poison.
Your flesh is cold resistant. (rC+)
You are immune to negative energy. (rN+++)
You are immune to unholy pain and torment.
You can survive without breathing.
You are vulnerable to heat. (rF-)
You do not drink.


Message History

MP restored: 6 A rat comes into view.
The magic dart hits the rat.
You kill the rat!
You now have 5/6 mp.
No target in view!
No target in view!
No target in view!
No target in view!
You pick up a book of Misfortune and begin reading...
You add the spells Confusing Touch, Gell's Gravitas, Petrify, Metabolic Englaciation and Yara's Violent Unravelling to your library.
MP restored: 6 No target in view!
A hobgoblin comes into view. It is wielding a +0 club.
The hobgoblin shouts!
The magic dart hits the hobgoblin.
You kill the hobgoblin!
You now have 5/6 mp.
No target in view!
No target in view!
No target in view!
You now have 5 gold pieces (gained 3).
You see here a +0 club.
A rat and a jackal come into view.
MP restored: 6 The magic dart hits the rat.
The rat bites you.
You take 2 damage, and have 17/19 hp.
You now have 5/6 mp.
There are monsters nearby!
The magic dart hits the rat.
You kill the rat!
You now have 4/6 mp.
A jackal is nearby!
The magic dart hits the jackal but does no damage.
The jackal barks!
You hear a bark!
A bat comes into view.
There are monsters nearby!
The magic dart hits the bat.
The bat hits you but does no damage.
You now have 2/6 mp.
The magic dart hits the bat.
You kill the bat!
You now have 1/6 mp.
The magic dart hits the jackal.
A jackal is nearby!
You now have 0/6 mp.
You hit the jackal but do no damage. The jackal bites you.
A jackal comes into view.
You take 1 damage, and have 16/19 hp.
You closely miss the jackal. The jackal bites you.
The jackal closely misses you. The jackal bites you.
You take 3 damage, and have 13/19 hp.
You hit the jackal.
You kill the jackal!
The jackal barely misses you.
The jackal bites you but does no damage.
The magic dart hits the jackal.
The jackal closely misses you.
You now have 0/6 mp.
You barely miss the jackal. The jackal bites you.
A jackal comes into view.
The jackal barks!
You take 2 damage, and have 11/19 hp.
You are too injured to fight recklessly!
You are too injured to fight recklessly!
There are monsters nearby!
Things that are here:
a jackal corpse; a rat corpse You closely miss the jackal.
The jackal barely misses you.
You hit the jackal. The jackal barely misses you. The jackal bites you.
The jackal barely misses you.
You take 1 damage, and have 11/19 hp.
You are too injured to fight recklessly!
You completely miss the jackal. The jackal bites you.
The jackal barely misses you. The jackal bites you.
You take 5 damage, and have 6/19 hp.
MASSIVE DAMAGE!!
You closely miss the jackal. The jackal closely misses you.
The jackal bites you.
* * * LOW HITPOINT WARNING * * *
The jackal bites you.
* * * LOW HITPOINT WARNING * * *
The jackal bites you.
* * * LOW HITPOINT WARNING * * *
You take 5 damage, and have 1/19 hp.
MASSIVE DAMAGE!!
The jackal completely misses you. The jackal misses you.
You are too injured to fight recklessly!
Throw: 9 darts (poison)
Aim: a jackal (moderately wounded, 45% to hit)
You throw a poisoned dart.
The poisoned dart barely misses the jackal.
The poisoned dart hits the jackal.
The jackal is poisoned.
The jackal closely misses you.
Throw: 8 darts (poison)
Aim: a jackal (moderately wounded, poisoned, 45% to hit)
Okay, then.
Aim: a jackal (moderately wounded, poisoned, 0% to evade)
The magic dart hits the jackal but does no damage.
The jackal closely misses you.
You now have 0/6 mp.
The jackal bites you.
You die...

.####.#..# .# #....#
.# #....#### .#
#.###...# .##
#...#...# ..#
#.#.#...#
#.###.#.#...# ######
#.......#...####....#
#.##..###......#@#
#..#..# #...##.#h#
#..#..# ###.##.#h#
#.....# #.##.#.##
..#...# #.##.#(.#
###...# #.##.##†#
#...# #.##....# ##..#
#.####.†..#
#..#####....#.####


You could see 2 jackals.

Vanquished Creatures
  A dart slug (D:1)
  4 bats (D:1)
  3 goblins (D:1)
  3 hobgoblins (D:1)
  A jackal (D:1)
  3 kobolds (D:1)
  3 rats (D:1)
18 creatures vanquished.

Notes
Turn   | Place    | Note
-------+----------+-------------------------------------------
     0 | D:1      | Trevise the Mummy Conjurer began the quest for the Orb.
     0 | D:1      | Reached XP level 1. HP: 13/13 MP: 4/4
   229 | D:1      | Reached skill level 3 in Spellcasting
   247 | D:1      | Reached XP level 2. HP: 15/19 MP: 0/6
   810 | D:1      | HP: 2/19 [jackal (3)]
   816 | D:1      | Slain by a jackal

Illustrated notes

Levels and vault maps discovered:
D:1:      lightli_arrival_isolated_outpost, layout_basic

Skill      XL: |  1 |
---------------+----+-----
Spellcasting   | 3 |  3.2
Dodging        | |  1.5
Stealth        | |  1.5
Conjurations   | |  3.7

Action                   || total
-------------------------++-------
Melee: Club              ||    16
Throw: Dart              ||     1
 Cast: Magic Dart        ||    32
Armor: Robe              ||     5
Dodge: Dodged            ||    18

Table legend: (Time is in decaauts)
 A = Elapsed time spent in this place.
 B = Non-inter-level travel time spent in this place.
 C = Inter-level travel time spent in this place.
 D = Time resting spent in this place.
 E = Time spent auto-exploring this place.
 F = Levels seen in this place.
 G = Mean time per level.
                   A        B        C        D        E       F      G
               +--------+--------+--------+--------+--------+-----+--------+
         Total |    827 |    827 |      0 |    106 |    626 |   1 |  827.0 |
       Dungeon |    827 |    827 |      0 |    106 |    626 |   1 |  827.0 |
               +--------+--------+--------+--------+--------+-----+--------+

Top non-repeatable levels by time:
     D:1: 827 daAuts

Table legend:
 A = Kills in this place as a percentage of kills in entire the game.
 B = Kills by you in this place as a percentage of kills by you in the entire game.
 C = Kills by friends in this place as a percentage of kills by friends in the entire game.
 D = Other kills in this place as a percentage of other kills in the entire game.
 E = Experience gained in this place as a percentage of experience gained in the entire game.
 F = Experience gained in this place divided by the number of levels of this place that you have seen.
                   A       B       C       D       E      F
               +-------+-------+-------+-------+-------+----------------------
         Total | 100.0 | 100.0 |   N/A |   N/A | 100.0 |  31.0
       Dungeon | 100.0 | 100.0 |   N/A |   N/A | 100.0 |  31.0
               +-------+-------+-------+-------+-------+----------------------
